 Dungeon Crawl Stone Soup version 0.29.0-4-gdea44cf6ec (webtiles) character file.

Game seed: 10117439922397469757

149 Iusername the Shield-Bearer (level 5, -5/41 HPs)
             Began as a Human Fighter on Aug 25, 2022.
             Was an Initiate of Dithmenos.
             Slain by an iguana (11 damage)
             ... on level 4 of the Dungeon on Aug 26, 2022.
             The game lasted 00:05:40 (2760 turns).

Iusername the Shield-Bearer (Human Fighter)         Turns: 2760, Time: 00:05:41

Health: -5/41      AC:  6    Str: 18    XL:     5   Next: 56%
Magic:  5/5        EV:  9    Int: 11    God:    Dithmenos [......]
Gold:   132        SH:  6    Dex: 12    Spells: 4/4 levels left

rFire   + . .      SeeInvis .   m - +7 sling of Qanyinyh {freeze, rElec rF+ Int+2}
rCold   . . .      Faith    .   c - +1 buckler
rNeg    . . .      Spirit   .   b - +0 scale mail
rPois   .          Reflect  .   (no helmet)
rElec   +          Harm     .   (no cloak)
rCorr   .          Rampage  .   (no gloves)
Will    .....                   (no boots)
Stlth   ..........              (no amulet)
HPRegen 0.13/turn               (no ring)
MPRegen 0.09/turn               (no ring)

@: no status effects
A: no striking features
a: Renounce Religion


You were on level 4 of the Dungeon.
You worshipped Dithmenos.
Dithmenos was noncommittal.
You visited 1 branch of the dungeon, and saw 4 of its levels.

You collected 132 gold pieces.

Inventory:

Hand Weapons
 a - a +0 long sword
 m - the +7 sling of Qanyinyh (weapon) {freeze, rElec rF+ Int+2}
   (You found it on level 3 of the Dungeon)

   Any ammunition fired from it freezes those it strikes, dealing additional
   cold damage.
   It can also slow down cold-blooded creatures.
   Int:       It affects your intelligence (+2).
   rF:        It protects you from fire.
   rElec:     It insulates you from electricity.
Armour
 b - a +0 scale mail (worn)
 c - a +1 buckler (worn)
Jewellery
 o - a ring of willpower
Wands
 l - a wand of digging (2)
Scrolls
 g - 4 scrolls of teleportation
 h - a scroll of butterflies
 i - a scroll of amnesia
 j - a scroll of poison
 k - a scroll of identify
Potions
 d - a potion of might
 e - a potion of degeneration {unknown}
 f - a potion of brilliance
 n - a potion of berserk rage {unknown}


   Skills:
 + Level 3.3 Fighting
 + Level 3.7 Long Blades
 + Level 0.3 Ranged Weapons
 + Level 3.4 Armour
 + Level 0.3 Dodging
 + Level 0.4 Stealth
 + Level 3.9 Shields


You had 4 spell levels left.
You didn't know any spells.
Your spell library contained the following spells:

 Spells                   Type           Power      Damage    Failure   Level
 Foxfire                  Conj/Fire      0%         2x1d4     82%         1
 Conjure Flame            Conj/Fire      0%         6-21      99%         3
 Inner Flame              Hex/Fire       0%         N/A       99%         3
 Flame Wave               Conj/Fire      0%         2d4       100%        4
 Fulminant Prism          Conj/Hex       0%         3d6       100%        4
 Iskenderun's Mystic Bla  Conj/Tloc      0%         2d3       100%        4
 Lee's Rapid Deconstruct  Erth           0%         3d5*      100%        5


Dungeon Overview and Level Annotations

Branches:
Dungeon (4/15)
 Temple: D:4-7

Altars:
Dithmenos
Kikubaaqudgha
Makhleb
The Shining One

Shops:
D:3 *


Message History

The iguana is severely wounded.
You block the iguana's attack. x2
You clumsily bash the iguana but do no damage.
The iguana is severely wounded.
The iguana barely misses you.
You clumsily bash the iguana but do no damage.
The iguana is severely wounded.
The iguana barely misses you.
The iguana bites you but does no damage.
You clumsily bash the iguana but do no damage.
The iguana is severely wounded.
The iguana bites you.
You clumsily bash the iguana but do no damage.
The iguana is severely wounded.
The iguana bites you but does no damage.
The iguana hisses menacingly.
You block the iguana's attack.
You completely miss the iguana.
The iguana is severely wounded.
The iguana bites you but does no damage.
You clumsily bash the iguana but do no damage.
The iguana is severely wounded.
The iguana barely misses you. x2
You clumsily bash the iguana but do no damage.
The iguana is severely wounded.
The iguana bites you but does no damage.
You block the iguana's attack.
You barely miss the iguana.
The iguana is severely wounded.
The iguana bites you!
* * * LOW HITPOINT WARNING * * *
You clumsily bash the iguana but do no damage.
The iguana is severely wounded.
The iguana bites you.
* * * LOW HITPOINT WARNING * * *
The iguana closely misses you.
You closely miss the iguana.
The iguana is heavily wounded.
The iguana bites you!
You die...

#........
##.......##
.........
.......
.(...
#...##.##.
#.†..$....
#l# #@# #.#
#.# #.# #.#
#.# #.# #.#
#.#


You could see an iguana.

Vanquished Creatures
  A hound (D:4)
  Jessica (D:3)
  4 adders
  A worm (D:2)
  A dart slug (D:3)
  An orc (D:3)
  2 bats
  6 endoplasms
  A giant cockroach (D:2)
  2 goblins
  3 hobgoblins
  3 jackals (D:2)
  6 kobolds
  3 quokkas
  9 ball pythons
  A frilled lizard (D:2)
  3 rats
48 creatures vanquished.

Notes
Turn   | Place    | Note
-------+----------+-------------------------------------------
     0 | D:1      | Iusername the Human Fighter began the quest for the Orb.
     0 | D:1      | Reached XP level 1. HP: 18/18 MP: 1/1
   167 | D:1      | Reached XP level 2. HP: 19/24 MP: 2/2
   267 | D:1      | Found a faded altar of an unknown god.
  1030 | D:2      | Reached XP level 3. HP: 29/29 MP: 3/3
  1045 | D:2      | Found an ancient bone altar of Kikubaaqudgha.
  1381 | D:2      | Reached XP level 4. HP: 28/35 MP: 4/4
  1849 | D:2      | Upgraded the game from 0.29.0-3-gbb0933ed62 to
                  | 0.29.0-4-gdea44cf6ec
  1929 | D:3      | Found a shadowy altar of Dithmenos.
  1964 | D:3      | Became a worshipper of Dithmenos the Shadowed
  2010 | D:3      | Noticed Jessica
  2022 | D:3      | Killed Jessica
  2080 | D:3      | Found a glowing golden altar of the Shining One.
  2113 | D:3      | Reached XP level 5. HP: 40/41 MP: 5/5
  2294 | D:3      | Found Yvaaroda's General Store.
  2361 | D:3      | Identified the +7 sling of Qanyinyh {freeze, rElec rF+
                  | Int+2}
  2574 | D:3      | Found a burning altar of Makhleb.
  2760 | D:4      | Slain by an iguana

Illustrated notes

Levels and vault maps discovered:
D:1:      minmay_arrival_up_and_down, layout_loops_cross,
          nicolae_ecumenical_snake_handling
D:2:      layout_loops_ring, basic_altar, minmay_pentomino_t2
D:3:      layout_loops_cross, marbit_many_paths, lightli_temple_of_fire,
          nicolae_dithmenos_through_a_glass_darkly, serial_shops, shop,
          uniq_jessica
D:4:      layout_loops_ring, mainiacjoe_overflow_alcove_1,
          nicolae_ru_great_annihilating_truth, serial_shops,
          nicolae_inconvenience_store, hangedman_abyss_or_decor_stagger

Skill      XL: |  1  2  3  4 |
---------------+-------------+-----
Long Blades    | 3 |  3.7
Fighting       | |  3.3
Ranged Weapons | |  0.3
Armour         | |  3.4
Dodging        | |  0.3
Stealth        | |  0.4
Shields        | |  3.9

Action                   |  1- 3 |  4- 6 || total
-------------------------+-------+-------++-------
Melee: Long sword        |    98 |    45 ||   143
       Sling             |       |    13 ||    13
 Fire: Sling             |       |    18 ||    18
  Use: Scroll            |       |     6 ||     6
Armor: Scale mail        |    56 |    26 ||    82
Dodge: Dodged            |    58 |    37 ||    95
Block: Buckler           |    36 |    18 ||    54
